 Dungeon Crawl Stone Soup version 0.27-a0-103-g6cd7b45605 (webtiles) character file.

Game seed: 17052635673765410456

1052 knot the Chopper (level 8, 50/58 HPs)
             Began as a Demonspawn Berserker on Jan 22, 2021.
             Was a Believer of Trog.
             Quit the game on level 6 of the Dungeon.
             The game lasted 00:06:11 (6061 turns).

knot the Chopper (Demonspawn Berserker)             Turns: 6061, Time: 00:06:11

Health: 50/58      AC:  8    Str: 17    XL:     8   Next: 5%
Magic:  6/8        EV: 11    Int: 11    God:    Trog [**....]
Gold:   251        SH:  0    Dex: 13    Spells: 7/7 levels left

rFire    . . .     SeeInvis .   q - +0 hand axe (vorpal)
rCold    + . .     Faith    .   (no shield)
rNeg     . . .     Spirit   +   k - +0 ring mail
rPois    .         Reflect  .   (no helmet)
rElec    .         Harm     .   B - +2 cloak
rCorr    .         Rampage  .   (no gloves)
Will     .....                  (no boots)
Stlth    +.........             (no amulet)
HPRegen  0.19/turn              t - ring of stealth
MPRegen  0.11/turn              x - ring of protection from cold

@: no status effects
A: hooves 1, powered by death 1, magic shield
a: Renounce Religion, Berserk, Trog's Hand


You were on level 6 of the Dungeon.
You worshipped Trog.
Trog was pleased with you.
You visited 1 branch of the dungeon, and saw 6 of its levels.

You collected 251 gold pieces.

Inventory:

Hand Weapons
 a - a +0 hand axe
 p - a +0 whip of venom
 q - a +0 vorpal hand axe (weapon)
Missiles
 b - 86 stones
 r - 28 sling bullets
 v - 7 poisoned darts (quivered)
 w - 3 datura-tipped darts
Armour
 k - a +0 ring mail (worn)
 B - a +2 cloak (worn)
Jewellery
 d - an uncursed ring of ice
 t - a ring of stealth (left hand)
 x - a ring of protection from cold (right hand)
Wands
 h - a wand of flame (13)
 j - a wand of acid (18)
 E - a wand of iceblast (10)
Scrolls
 e - 2 scrolls of remove curse
 f - a scroll of identify
 m - 4 scrolls of teleportation
 s - 2 scrolls of enchant armour
 u - a scroll of magic mapping
 y - a scroll of immolation {unknown}
 C - a scroll of silence {unknown}
Potions
 c - 2 potions of magic {unknown}
 g - a potion of brilliance {unknown}
 i - 3 potions of curing {unknown}
 l - a potion of flight {unknown}
 n - a potion of mutation {unknown}
 o - 2 potions of haste {unknown}
 z - a potion of lignification {unknown}
 A - a potion of might {unknown}
 D - a potion of degeneration {unknown}


   Skills:
 - Level 3.0 Fighting
 * Level 7.7 Axes
 * Level 4.5 Throwing
 - Level 1.7 Armour
 - Level 1.7 Dodging


You had 7 spell levels left.
You didn't know any spells.
Your spell library was empty.

Dungeon Overview and Level Annotations

Branches:
Dungeon (6/15)
 Temple: D:4-7

Altars:
Cheibriados
Dithmenos
Makhleb
Qazlal
Xom
The Shining One

Shops:
D:5 *

Annotations:
D:5 2 transporters, Snicker's ghost, weakling DsDe


Innate Abilities, Weirdness & Mutations

You have large cloven feet.
You regenerate a little health from kills.
When hurt, damage is shared between your health and your magic reserves.


Message History

You throw a poisoned dart.
The poisoned dart closely misses the bullfrog.
You hit the bullfrog.
The bullfrog is lightly wounded.
The bullfrog hits you.
You hit the bullfrog.
The bullfrog is moderately wounded.
The bullfrog hits you.
You slash the bullfrog!
The bullfrog is almost dead.
The bullfrog closely misses you.
The bullfrog hits you but does no damage.
You barely miss the bullfrog.
The bullfrog is almost dead.
You kill the bullfrog!
Trog accepts your kill.
You have reached level 8!
You feel agile.
Your demonic ancestry asserts itself...
Your feet thicken and deform.
Are you sure you want to abandon this character and quit the game? (Confirm with "yes".)

###########
#########.........#
(.((..†@..........#
.#####.##########.#
#. #.# #. #.# #.
#.# .. ##.## ##
##...## ##.#.#.##
#########
##.##.##.##


There were no monsters in sight!

Vanquished Creatures
  4 centaurs (D:5)
  An ogre (D:6)
  Blork the orc (D:6)
  3 bullfrogs
  A scorpion (D:5)
  A bullfrog zombie (D:5)
  A hound (D:4)
  An orc wizard (D:3)
  Jessica (D:2)
  2 worker ants
  8 adders
  An ufetubus (D:5)
  4 dart slugs
  4 leopard geckos
  12 orcs (D:3)
  3 giant cockroaches
  6 goblins (D:1)
  5 hobgoblins
  7 jackals
  4 kobolds
  A ball python (D:3)
  8 bats
  4 frilled lizards
  A leopard gecko zombie (D:6)
  7 rats
91 creatures vanquished.

Notes
Turn   | Place    | Note
-------+----------+-------------------------------------------
     0 | D:1      | knot the Demonspawn Berserker began the quest for the Orb.
     0 | D:1      | Reached XP level 1. HP: 18/18 MP: 1/1
    72 | D:1      | Reached skill level 3 in Axes
   104 | D:1      | Gained mutation: When hurt, damage is shared between your
                  | health and your magic reserves. [demonic ancestry]
   104 | D:1      | Reached XP level 2. HP: 24/24 MP: 2/2
   554 | D:1      | Reached XP level 3. HP: 29/29 MP: 3/3
   822 | D:2      | Noticed Jessica
   827 | D:2      | Killed Jessica
   828 | D:2      | Reached skill level 4 in Axes
   830 | D:2      | Reached ** piety under Trog
  1244 | D:2      | Reached XP level 4. HP: 35/35 MP: 4/4
  2141 | D:3      | Reached skill level 5 in Axes
  2143 | D:3      | Reached XP level 5. HP: 41/41 MP: 3/5
  2933 | D:3      | Found a stormy altar of Qazlal.
  3232 | D:4      | Found a shimmering altar of Xom.
  3233 | D:4      | Found a shimmering altar of Xom.
  3233 | D:4      | Found a shimmering altar of Xom.
  3234 | D:4      | Found a shimmering altar of Xom.
  3236 | D:4      | Found a shimmering altar of Xom.
  3340 | D:4      | Got a transparent spear
  3344 | D:4      | Identified the cursed +0 spear of Xukhypt {holy, *Slow
                  | Int+7} (You found it on level 4 of the Dungeon)
  3421 | D:4      | Reached skill level 6 in Axes
  3774 | D:5      | Entered Level 5 of the Dungeon
  3781 | D:5      | Reached XP level 6. HP: 46/47 MP: 4/6
  3870 | D:5      | Reached skill level 1 in Throwing
  4343 | D:5      | Found a shadowy altar of Dithmenos.
  4368 | D:5      | Found a glowing golden altar of the Shining One.
  4372 | D:5      | Found a burning altar of Makhleb.
  4372 | D:5      | Found a snail-covered altar of Cheibriados.
  4577 | D:5      | Found Onijuris's Assorted Antiques.
  4655 | D:5      | Gained mutation: You regenerate a little health from kills.
                  | [demonic ancestry]
  4655 | D:5      | Reached XP level 7. HP: 52/52 MP: 7/7
  4727 | D:5      | Found a transporter.
  4734 | D:5      | Found a transporter.
  4738 | D:5      | Noticed Snicker's ghost (weakling DsDe)
  5153 | D:5      | Reached skill level 7 in Axes
  5504 | D:6      | Noticed Blork the orc
  5513 | D:6      | Killed Blork the orc
  6061 | D:6      | Gained mutation: You have large cloven feet. [demonic
                  | ancestry]
  6061 | D:6      | Reached XP level 8. HP: 50/58 MP: 6/8
  6061 | D:6      | Quit the game

Illustrated notes

Levels and vault maps discovered:
D:1:      scummos_arrival_checkerplants, layout_loops_ring
D:2:      layout_loops_corners, uniq_jessica
D:3:      layout_loops_ring, nicolae_qazlal_eye_of_the_storm, minmay_misc_feat_x
D:4:      layout_loops_corners, serial_glass, glass_columns_a, glass_columns_a,
          glass_columns_b, glass_columns_b, glass_columns_c, glass_columns_c,
          glass_columns_c, glass_columns_a, glass_columns_a, glass_columns_a,
          xom_redecorated
D:5:      layout_layer_cave, grunt_temple_overflow_open, serial_shops,
          nicolae_shop_trees, gammafunk_ghost_stat_death
D:6:      layout_loops_ring, uniq_blork_the_orc, uniq_edmund, uniq_eustachio

Skill      XL: |  1  2  3  4  5  6  7 |
---------------+----------------------+-----
Axes           | 3 4 5 6 7 |  7.7
Throwing       | 2 4 |  4.5
Fighting       | |  3.0
Armour         | |  1.7
Dodging        | |  1.7

Action                   |  1- 3 |  4- 6 |  7- 9 || total
-------------------------+-------+-------+-------++-------
Melee: Hand axe          |    78 |   170 |    36 ||   284
       Whip              |       |     5 |       ||     5
Throw: Dart              |       |    13 |    18 ||    31
Invok: Berserk           |     3 |     8 |     5 ||    16
       Trog's Hand       |       |     1 |       ||     1
Evoke: Wand              |       |     1 |       ||     1
  Use: Scroll            |       |     7 |       ||     7
Armor: Animal skin       |    20 |       |       ||    20
       Ring mail         |     1 |    67 |    21 ||    89
Dodge: Dodged            |    57 |   102 |    28 ||   187

Table legend: (Time is in decaauts)
 A = Elapsed time spent in this place.
 B = Non-inter-level travel time spent in this place.
 C = Inter-level travel time spent in this place.
 D = Time resting spent in this place.
 E = Time spent auto-exploring this place.
 F = Levels seen in this place.
 G = Mean time per level.
                   A        B        C        D        E       F      G
               +--------+--------+--------+--------+--------+-----+--------+
         Total |   6217 |   6119 |     98 |   1873 |   3538 |   6 | 1036.2 |
       Dungeon |   6217 |   6119 |     98 |   1873 |   3538 |   6 | 1036.2 |
               +--------+--------+--------+--------+--------+-----+--------+

Top non-repeatable levels by time:
     D:5: 1936 daAuts
     D:2: 1345 daAuts
     D:3: 855 daAuts
     D:4: 833 daAuts
     D:1: 827 daAuts
     D:6: 418 daAuts
